[Event "Titled Tuesday Blitz October 31 Late 2023"]
[White "Luxama, Jacques Muller"]
[Black "Schwabeneder, Florian"]
[WhiteFideId "11900113"]
[BlackFideId "1626191"]
[WhiteElo "2339"]
[BlackElo "2627"]
[Result "0-1"]
[Round "1"]
[TimeControl "180+1"]
[Date "2023.10.31"]
[WhiteClock "0:00:00"]
[BlackClock "0:01:04"]
[Board "110"]

1. e4 e5 2. Nf3 Nc6 3. Bc4 Bc5 4. d3 Nf6 5. O-O a6 6. a4 d6 7. c3 Ba7 8. h3 h6 9. Re1 g5 10. d4 Qe7 11. dxe5 dxe5 12. Nh2 Rg8 13. Nd2 g4 14. hxg4 Nxg4 15. Nxg4 Bxg4 16. Qc2 O-O-O 17. Nb3 Bf3 18. Bf1 Rxg2+ 19. Bxg2 Rg8 20. Kf1 Rxg2 21. Re3 Bxe3 22. Bxe3 Qh4 23. Ke1 Bxe4 24. Qe2 Rg1+ 25. Kd2 Qd8+ 26. Bd4 Nxd4 27. cxd4 Rxa1 28. Nxa1 Qxd4+ 29. Kc1 Qxa4 0-1


[Site "https://www.chess.com"]

[Event "Titled Tuesday Blitz October 31 Late 2023"]
[White "Principe, Gerson"]
[Black "Senft, Sean"]
[WhiteFideId "3804550"]
[BlackFideId "2044960"]
[WhiteElo "2625"]
[BlackElo "2338"]
[Result "1-0"]
[Round "1"]
[TimeControl "180+1"]
[Date "2023.10.31"]
[WhiteClock "0:01:19"]
[BlackClock "0:01:11"]
[Board "111"]

1. d4 d5 2. Nf3 Nf6 3. c4 c6 4. e3 a6 5. b3 Bf5 6. Bd3 Bxd3 7. Qxd3 e6 8. O-O Nbd7 9. Bb2 Be7 10. Nc3 O-O 11. e4 dxe4 12. Nxe4 Nxe4 13. Qxe4 Nf6 14. Qe2 Qa5 15. Rfd1 Qh5 16. Rd2 Rad8 17. Rad1 Rd7 18. Ne5 Qxe2 19. Rxe2 Rdd8 20. Red2 Nd7 21. Nf3 Bf6 22. Kf1 c5 23. dxc5 Bxb2 24. Rxd7 Bf6 25. Ke2 Rc8 26. Rxb7 Rxc5 27. Rdd7 h6 28. g3 g5 29. Nd2 Re5+ 30. Kf3 h5 31. h3 Ra5 32. Ne4 Kg7 33. a4 Rf5+ 34. Kg2 g4 35. h4 Bd8 36. Nd6 Rf6 37. c5 Ba5 38. c6 Be1 39. Rxf7+ R8xf7 40. Rxf7+ Rxf7 41. Nxf7 Ba5 42. Ne5 Kf6 43. Nc4 Bc7 44. b4 e5 45. b5 axb5 46. axb5 Ke6 47. b6 Bd6 48. Nxd6 Kxd6 49. c7 Kd7 50. Kf1 Kc8 51. Ke2 Kb7 52. Ke3 Kxb6 53. c8=Q 1-0


[Site "https://www.chess.com"]

[Event "Titled Tuesday Blitz October 31 Late 2023"]
[White "Balla, Tamas-Kristof"]
[Black "Seemann, Jakub"]
[WhiteFideId "1208497"]
[BlackFideId "21874697"]
[WhiteElo "2337"]
[BlackElo "2625"]
[Result "0-1"]
[Round "1"]
[TimeControl "180+1"]
[Date "2023.10.31"]
[WhiteClock "0:00:37"]
[BlackClock "0:01:07"]
[Board "112"]

1. e4 c6 2. d4 d5 3. exd5 cxd5 4. c4 Nf6 5. Nc3 Nc6 6. Bg5 Be6 7. Nf3 g6 8. Qb3 Na5 9. Qa3 Nxc4 10. Bxc4 dxc4 11. O-O Bg7 12. Rad1 O-O 13. Rfe1 Re8 14. d5 Bg4 15. Ne4 Bxf3 16. Qxf3 Nxe4 17. Qxe4 Rc8 18. Bxe7 Qd7 19. d6 Bxb2 20. Rb1 c3 21. Qf4 Ba3 22. Rb3 Bxd6 0-1


[Site "https://www.chess.com"]

[Event "Titled Tuesday Blitz October 31 Late 2023"]
[White "Bjelobrk, Igor"]
[Black "Freile Martin, Javier"]
[WhiteFideId "4300726"]
[BlackFideId "3600165"]
[WhiteElo "2623"]
[BlackElo "2335"]
[Result "1-0"]
[Round "1"]
[TimeControl "180+1"]
[Date "2023.10.31"]
[WhiteClock "0:00:13"]
[BlackClock "0:00:00"]
[Board "113"]

1. d4 Nf6 2. c4 g6 3. Nc3 Bg7 4. Nf3 d6 5. e4 O-O 6. Be2 Na6 7. O-O e5 8. Be3 exd4 9. Nxd4 Re8 10. f3 c6 11. Re1 Nc7 12. Qd2 d5 13. exd5 cxd5 14. c5 Ne6 15. Nxe6 Bxe6 16. Bd4 a6 17. b4 Qc7 18. a4 Rad8 19. Rad1 Nh5 20. b5 axb5 21. Nxb5 Qc6 22. Nd6 Qxa4 23. Nxe8 Qxe8 24. Rb1 Qc6 25. Rb6 Qc7 26. Reb1 Bc8 27. Bf2 d4 28. R6b5 d3 29. Bf1 Nf4 30. g3 Ne6 31. R1b3 Nd4 32. Bxd4 Bxd4+ 33. Kg2 Qd7 34. Qxd3 Qh3+ 35. Kh1 Qe6 36. Qe4 Qf6 37. Kg2 Bf5 38. Qxb7 Qg5 39. f4 Qh5 40. Qf3 Bh3+ 41. Kh1 Qxf3+ 42. Rxf3 Bg4 43. Rd3 Re8 44. Kg2 Re1 45. h3 Bxh3+ 46. Kxh3 Rxf1 47. Rxd4 Kg7 48. Kg2 h5 49. Kxf1 Kf6 50. c6 Ke6 51. c7 1-0


[Site "https://www.chess.com"]

[Event "Titled Tuesday Blitz October 31 Late 2023"]
[White "Muhammad Shahzeb"]
[Black "Fiorito, Francisco"]
[WhiteFideId "7804806"]
[BlackFideId "180165"]
[WhiteElo "2330"]
[BlackElo "2615"]
[Result "1/2-1/2"]
[Round "1"]
[TimeControl "180+1"]
[Date "2023.10.31"]
[WhiteClock "0:00:11"]
[BlackClock "0:00:09"]
[Board "114"]

1. e4 c5 2. Nc3 Nc6 3. f4 g6 4. Nf3 Bg7 5. Bb5 Nd4 6. Bc4 e6 7. d3 Ne7 8. Nxd4 cxd4 9. Ne2 d5 10. Bb3 dxe4 11. dxe4 b6 12. O-O Bb7 13. Ng3 O-O 14. f5 exf5 15. exf5 Nd5 16. Qg4 Kh8 17. fxg6 fxg6 18. Bg5 Qd6 19. Ne4 Qe5 20. Qh4 Ne3 21. Bxe3 dxe3 22. Ng5 h6 23. Ne6 Rxf1+ 24. Rxf1 e2 25. Re1 Re8 26. Nxg7 Kxg7 27. Qf2 Re7 28. c3 Ba6 29. Qd4 h5 30. a4 Kh6 31. Qxe5 Rxe5 32. c4 Re4 33. Kf2 Bxc4 34. Bxc4 Rxc4 35. Rxe2 Rxa4 36. g3 Rb4 37. h4 a5 38. Kg2 Kg7 39. Kh3 Kf6 40. Rc2 a4 41. Rc6+ Kg7 42. Rc2 b5 43. Kg2 Rb3 44. Kh3 b4 45. Rc7+ Kh6 46. Ra7 Rxb2 47. Rxa4 Kg7 48. Ra6 Rc2 49. Rb6 Rc4 50. Kg2 Kf7 51. Kh3 Rd4 52. Kg2 Rd2+ 53. Kf3 Rb2 54. Kf4 b3 55. Kg5 Rb1 56. Rxg6 Rg1 57. Rb6 Rxg3+ 58. Kxh5 Kg7 59. Rb7+ Kf6 60. Kh6 Rg6+ 61. Kh5 Rg3 62. Rb6+ Ke5 63. Kh6 Kd4 64. h5 Kc3 65. Kh7 b2 66. h6 Kc2 67. Rxb2+ Kxb2 68. Kh8 Rc3 69. h7 Rc8+ 70. Kg7 Rc7+ 71. Kg8 Kb3 72. h8=Q Rc8+ 73. Kg7 Rxh8 74. Kxh8 1/2-1/2


[Site "https://www.chess.com"]

[Event "Titled Tuesday Blitz October 31 Late 2023"]
[White "Yelisieiev, Yevhenii"]
[Black "Skaric, Djuro"]
[WhiteFideId "14139642"]
[BlackFideId "934569"]
[WhiteElo "2614"]
[BlackElo "2329"]
[Result "1-0"]
[Round "1"]
[TimeControl "180+1"]
[Date "2023.10.31"]
[WhiteClock "0:01:04"]
[BlackClock "0:01:18"]
[Board "115"]

1. d4 d6 2. e4 g6 3. f4 Bg7 4. Nf3 Nf6 5. Nbd2 c6 6. Bd3 a6 7. a4 b6 8. O-O Bb7 9. b3 c5 10. Bb2 Nbd7 11. d5 O-O 12. Qe2 e6 13. Nc4 exd5 14. Nxd6 dxe4 15. Nxb7 exd3 16. Qxd3 Qc7 17. Nd6 Qc6 18. Nc4 Rad8 19. Rad1 h6 20. Rfe1 b5 21. axb5 axb5 22. Na3 b4 23. Nc4 Nb6 24. Qxd8 Rxd8 25. Rxd8+ Kh7 26. Rd6 Nxc4 27. Rxc6 Nxb2 28. Re7 Nd5 29. Rxf7 Kg8 30. Ra7 Nxf4 31. Rxc5 g5 32. Rc8+ Bf8 33. Raa8 Ne6 34. Nd4 1-0


[Site "https://www.chess.com"]

[Event "Titled Tuesday Blitz October 31 Late 2023"]
[White "Zivic, Dragan"]
[Black "ArtemDyachuk"]
[WhiteFideId "904740"]
[WhiteElo "2328"]
[BlackElo "2612"]
[Result "0-1"]
[Round "1"]
[TimeControl "180+1"]
[Date "2023.10.31"]
[WhiteClock "0:00:17"]
[BlackClock "0:00:18"]
[Board "116"]

1. c4 e5 2. Nc3 Nf6 3. Nf3 e4 4. Ng5 c6 5. Ngxe4 Nxe4 6. Nxe4 d5 7. cxd5 cxd5 8. Ng3 h5 9. e3 h4 10. Ne2 Nc6 11. h3 Bf5 12. a3 Qf6 13. d4 Bd6 14. Nc3 O-O 15. Nxd5 Qg6 16. Be2 Be4 17. Bf3 Bc2 18. Qd2 Rfe8 19. O-O Bb3 20. Nc3 Rad8 21. e4 Nxd4 22. Qg5 Qe6 23. Bg4 Qe5 24. Qxe5 Bxe5 25. Bg5 f6 26. Bxh4 Nc2 27. Rac1 Rd2 28. Nb1 Rd4 29. Nc3 Rd2 30. Rfd1 Red8 31. Rxd2 Rxd2 32. Nb1 Rd8 33. Bd1 Bxb2 34. Bxc2 Bxc2 35. Rxc2 Rd1+ 36. Kh2 Rxb1 37. a4 Be5+ 38. Bg3 Rb4 39. Bxe5 fxe5 40. Rc7 a5 41. f3 b6 42. Rb7 Kh7 43. Kg3 Kg6 44. Kg4 Kf6 45. h4 g6 46. h5 gxh5+ 47. Kxh5 Rb2 48. Kh4 Ke6 49. g4 Kd6 50. g5 Kc6 51. Rf7 b5 52. axb5+ Kb6 53. g6 Rg2 54. Kh5 a4 55. Re7 a3 56. Rxe5 a2 57. Re6+ Kxb5 58. Re5+ Kb4 59. Rg5 Rh2+ 60. Kg4 a1=Q 61. g7 Rg2+ 62. Kf5 Rxg5+ 63. Kxg5 Qxg7+ 0-1


[Site "https://www.chess.com"]

[Event "Titled Tuesday Blitz October 31 Late 2023"]
[White "NelsonLinda"]
[Black "GAO"]
[WhiteElo "2610"]
[BlackElo "2327"]
[Result "0-1"]
[Round "1"]
[TimeControl "180+1"]
[Date "2023.10.31"]
[WhiteClock "0:00:12"]
[BlackClock "0:00:37"]
[Board "117"]

1. g3 Nf6 2. b3 g6 3. Bb2 Bg7 4. e4 d6 5. d3 O-O 6. Bg2 e5 7. Nd2 Nbd7 8. Ne2 a5 9. a3 Re8 10. O-O h6 11. h3 Nc5 12. f4 c6 13. Kh1 Bd7 14. Nc4 Qc7 15. b4 Na6 16. fxe5 dxe5 17. Nxa5 c5 18. Bc3 Qc8 19. Kh2 Nc7 20. Nc4 Rf8 21. Nb6 Qd8 22. Nxa8 Qxa8 23. bxc5 Ne6 24. Kh1 Nh5 25. Qe1 Qc8 26. Bb4 Ng5 27. g4 Nf4 28. Nxf4 exf4 29. Rxf4 h5 30. Bc3 hxg4 31. h4 Ne6 32. Bxg7 Kxg7 33. Qc3+ f6 34. Rxg4 Rh8 35. Rf1 Qd8 36. e5 f5 37. Rxf5 Rxh4+ 38. Bh3 Rxg4 39. Bxg4 Qh4+ 40. Kg1 Qxg4+ 41. Kh2 Qxf5 42. d4 Bc6 43. d5 Bxd5 44. Qg3 Qxc2+ 45. Kh3 Qf5+ 46. Kh2 Nf4 47. e6 Bxe6 48. Qc3+ Qf6 49. Qb4 Qh4+ 50. Kg1 Qg3+ 51. Kf1 Bh3# 0-1


[Site "https://www.chess.com"]

[Event "Titled Tuesday Blitz October 31 Late 2023"]
[White "Buscar, Michael"]
[Black "Krishnan, Varun"]
[WhiteFideId "2603616"]
[BlackFideId "5054508"]
[WhiteElo "2327"]
[BlackElo "2607"]
[Result "0-1"]
[Round "1"]
[TimeControl "180+1"]
[Date "2023.10.31"]
[WhiteClock "0:00:00"]
[BlackClock "0:00:09"]
[Board "118"]

1. e4 c5 2. Nf3 d6 3. Bb5+ Nd7 4. O-O Nf6 5. Re1 a6 6. Bf1 e5 7. Nc3 Be7 8. Nd5 Nxd5 9. exd5 O-O 10. c3 f5 11. d4 e4 12. Nd2 cxd4 13. Nc4 d3 14. Bf4 Nb6 15. Nxb6 Qxb6 16. Qb3 Qxb3 17. axb3 g5 18. Be3 b5 19. f3 Bb7 20. c4 Rac8 21. fxe4 fxe4 22. Bd2 Bf6 23. Rxe4 Bxb2 24. Rb1 Ba3 25. Bxd3 Bc5+ 26. Kh1 Rf2 27. Bxg5 Rcf8 28. Re7 R8f7 29. Rxf7 Rxf7 30. h4 Kg7 31. Re1 h6 32. Be3 Bb4 33. Bd4+ Kf8 34. Re6 Rf4 35. Rf6+ Rxf6 36. Bxf6 bxc4 37. bxc4 a5 38. g4 Be1 39. Kg2 a4 40. Kf1 Bg3 41. Kg2 Be1 42. Kh3 Bc8 43. Bb2 Bb4 44. Bc2 a3 45. Ba1 h5 46. Bf5 Bxf5 47. gxf5 Bd2 48. Kg3 Bc1 0-1


[Site "https://www.chess.com"]

[Event "Titled Tuesday Blitz October 31 Late 2023"]
[White "Souleidis, Georgios"]
[Black "Urquhart, Ed"]
[WhiteFideId "4206827"]
[BlackFideId "2603748"]
[WhiteElo "2605"]
[BlackElo "2325"]
[Result "1-0"]
[Round "1"]
[TimeControl "180+1"]
[Date "2023.10.31"]
[WhiteClock "0:00:05"]
[BlackClock "0:00:00"]
[Board "119"]

1. e4 c5 2. Be2 e6 3. d3 Nc6 4. f4 Nf6 5. Nf3 d5 6. e5 Nd7 7. O-O Be7 8. c4 dxc4 9. dxc4 b6 10. Nc3 Bb7 11. Be3 a6 12. Qc2 Qc7 13. Rad1 g6 14. Ne4 h6 15. Nd6+ Bxd6 16. Rxd6 O-O-O 17. a3 Ndb8 18. Rfd1 Rxd6 19. exd6 Qd8 20. Ne5 Nxe5 21. fxe5 Nd7 22. Qc3 Qh4 23. b4 cxb4 24. axb4 Kb8 25. c5 Rc8 26. Qb2 Qe4 27. Kf2 Qxg2+ 28. Ke1 Qh1+ 29. Bf1 Qe4 30. Qd4 Qxe5 31. cxb6 Qxh2 32. Qd2 Qxd2+ 33. Rxd2 g5 34. Kf2 f5 35. Be2 e5 36. Rd1 f4 37. Bc1 e4 38. Bg4 e3+ 39. Ke1 Rd8 40. Bb2 Bc6 41. Rc1 Kb7 42. Bd4 Re8 43. b5 axb5 44. Ra1 Nxb6 45. Rc1 Nc4 46. d7 Rd8 47. Bf6 Rxd7 48. Bxd7 Bxd7 49. Bd4 Kc6 50. Bg7 h5 51. Bh6 Kd5 52. Bxg5 Ke4 53. Rd1 f3 54. Rxd7 f2+ 55. Ke2 Ne5 56. Re7 Kf5 57. Bxe3 Nc6 58. Re8 1-0


[Site "https://www.chess.com"]

[Event "Titled Tuesday Blitz October 31 Late 2023"]
[White "Fernandez, Maria Florencia"]
[Black "FoxOnTheRun97"]
[WhiteFideId "116459"]
[WhiteElo "2319"]
[BlackElo "2604"]
[Result "0-1"]
[Round "1"]
[TimeControl "180+1"]
[Date "2023.10.31"]
[WhiteClock "0:00:03"]
[BlackClock "0:00:10"]
[Board "120"]

1. d4 Nf6 2. c4 e6 3. Nc3 Bb4 4. a3 Bxc3+ 5. bxc3 O-O 6. f3 c5 7. e4 Nc6 8. Be3 Qa5 9. Qd2 e5 10. d5 Ne7 11. Bd3 d6 12. Ne2 Ng6 13. O-O Qc7 14. g3 Kh8 15. Rf2 Bd7 16. h4 Ng8 17. h5 N6e7 18. g4 h6 19. Ng3 f6 20. Nf5 Rf7 21. Kh2 Rb8 22. Rg1 a6 23. f4 exf4 24. Bxf4 Nxf5 25. gxf5 b5 26. Rfg2 bxc4 27. Bxc4 Bb5 28. Bxb5 Rxb5 29. Rg6 Qe7 30. Qg2 Qf8 31. Qg3 Rb2+ 32. Kh3 Rb6 33. a4 a5 34. Rg2 Kh7 35. Kh4 Kh8 36. Rg4 Rb1 37. Bxd6 Qe8 38. e5 Rh1+ 39. Rh2 Rxh2+ 40. Qxh2 fxe5 41. Bxe5 Rxf5 42. Bxg7+ Kh7 43. Qc7 Rxh5+ 44. Kg3 Qe3+ 45. Kg2 Qe2+ 46. Kg1 Qe1+ 47. Kg2 Qe2+ 48. Kg1 Qe1+ 49. Kg2 Qh1+ 50. Kg3 Qh2+ 51. Kf3 Qxc7 52. d6 Qf7+ 53. Kg3 Rf5 54. d7 Qxd7 55. c4 Rg5 56. Rxg5 hxg5 57. Bc3 Kg6 58. Bxa5 Qd3+ 59. Kg4 Nf6# 0-1


[Site "https://www.chess.com"]

[Event "Titled Tuesday Blitz October 31 Late 2023"]
[White "Manukyan, Sargis A."]
[Black "Ward, Ieuan C"]
[WhiteFideId "13303970"]
[BlackFideId "406627"]
[WhiteElo "2604"]
[BlackElo "2316"]
[Result "1-0"]
[Round "1"]
[TimeControl "180+1"]
[Date "2023.10.31"]
[WhiteClock "0:00:32"]
[BlackClock "0:00:05"]
[Board "121"]

1. d4 Nf6 2. c4 e6 3. Nc3 d5 4. Nf3 Be7 5. Bg5 O-O 6. cxd5 Nxd5 7. Bxe7 Nxe7 8. e4 Nd7 9. Be2 b6 10. O-O Bb7 11. Qd3 Ng6 12. Qe3 Nf6 13. h3 c6 14. Rad1 Qc7 15. Rd2 Rad8 16. Rfd1 h6 17. g3 Qb8 18. Kh2 Kh8 19. a3 Kg8 20. Bd3 Ne7 21. Bb1 Rfe8 22. e5 Nfd5 23. Qe4 g6 24. Qh4 Kg7 25. Be4 Nxc3 26. bxc3 c5 27. Qf4 Bxe4 28. Qxe4 cxd4 29. cxd4 Rd5 30. Rc2 Rc8 31. Rdc1 Rxc2 32. Qxc2 Nf5 33. Qc3 Qd8 34. Rd1 h5 35. Kg2 Qd7 36. g4 hxg4 37. hxg4 Nh6 38. Kg3 a5 39. Qe3 b5 40. Qf4 Qe7 41. Rh1 Ng8 42. Kg2 b4 43. axb4 axb4 44. Ng5 Nh6 45. Nxe6+ 1-0


[Site "https://www.chess.com"]

[Event "Titled Tuesday Blitz October 31 Late 2023"]
[White "Shtivelband, Richard"]
[Black "Colbow, Collin"]
[WhiteFideId "2017342"]
[BlackFideId "16201132"]
[WhiteElo "2315"]
[BlackElo "2604"]
[Result "0-1"]
[Round "1"]
[TimeControl "180+1"]
[Date "2023.10.31"]
[WhiteClock "0:00:36"]
[BlackClock "0:01:29"]
[Board "122"]

1. d4 Nf6 2. c4 g6 3. Nc3 Bg7 4. e4 d6 5. Nf3 O-O 6. h3 Nfd7 7. Be3 c5 8. Qd2 cxd4 9. Bxd4 Ne5 10. Nxe5 dxe5 11. Be3 Qxd2+ 12. Bxd2 Nc6 13. Be3 Rd8 14. Rd1 Rxd1+ 15. Kxd1 Nd4 16. Nd5 Kf8 17. c5 Bd7 18. b4 Ba4+ 19. Kd2 Rd8 20. Bxd4 exd4 21. Kd3 e6 22. Nf4 Bh6 23. Ne2 Bb5+ 0-1


[Site "https://www.chess.com"]

[Event "Titled Tuesday Blitz October 31 Late 2023"]
[White "Karamsetty, Jeevan"]
[Black "SlippperyWhenWet"]
[WhiteFideId "2025337"]
[WhiteElo "2597"]
[BlackElo "2315"]
[Result "1-0"]
[Round "1"]
[TimeControl "180+1"]
[Date "2023.10.31"]
[WhiteClock "0:01:29"]
[BlackClock "0:00:33"]
[Board "123"]

1. e4 c5 2. Nc3 Nc6 3. Bb5 Nd4 4. Bc4 e6 5. Nge2 a6 6. a4 Ne7 7. Nxd4 cxd4 8. Ne2 Nc6 9. d3 Bb4+ 10. c3 dxc3 11. bxc3 Be7 12. O-O d5 13. exd5 exd5 14. Ba2 O-O 15. Nf4 Bd6 16. Nxd5 Qh4 17. g3 Qh3 18. Nf4 Qh6 19. Ne6 Qh3 20. Ng5 Qf5 21. Qf3 Qg6 22. d4 Bf5 23. Bf4 Bxf4 24. Qxf4 h6 25. Nf3 Rfe8 26. Nh4 1-0


[Site "https://www.chess.com"]

[Event "Titled Tuesday Blitz October 31 Late 2023"]
[White "Lalanne, Pablo"]
[Black "Ibadov, Dashgyn"]
[WhiteFideId "112151"]
[BlackFideId "24107514"]
[WhiteElo "2315"]
[BlackElo "2595"]
[Result "0-1"]
[Round "1"]
[TimeControl "180+1"]
[Date "2023.10.31"]
[WhiteClock "0:00:26"]
[BlackClock "0:01:12"]
[Board "124"]

1. e4 e6 2. d4 d5 3. Nc3 Nf6 4. e5 Nfd7 5. f4 c5 6. Nf3 Nc6 7. Be3 cxd4 8. Nxd4 Bc5 9. Qd2 O-O 10. O-O-O a6 11. Qf2 Bb4 12. Nce2 Qe7 13. Kb1 f6 14. exf6 Nxf6 15. Nxc6 bxc6 16. Nd4 Bd7 17. c3 Ne4 18. Qe1 Bxc3 19. bxc3 c5 20. Nb3 c4 21. Nd4 Qa3 22. Bxc4 dxc4 23. Ka1 Nxc3 24. Qd2 Nxd1 25. Rxd1 Rab8 26. Qc2 Qxe3 0-1


[Site "https://www.chess.com"]

[Event "Titled Tuesday Blitz October 31 Late 2023"]
[White "Roberson, Peter T"]
[Black "Harriott, Tyrell"]
[WhiteFideId "412384"]
[BlackFideId "2086484"]
[WhiteElo "2594"]
[BlackElo "2314"]
[Result "1-0"]
[Round "1"]
[TimeControl "180+1"]
[Date "2023.10.31"]
[WhiteClock "0:00:05"]
[BlackClock "0:00:00"]
[Board "125"]

1. e4 d5 2. exd5 Nf6 3. d4 Qxd5 4. Nc3 Qa5 5. Bd2 c6 6. Bc4 Bf5 7. Nd5 Qd8 8. Nxf6+ gxf6 9. Nf3 Rg8 10. O-O e6 11. c3 Nd7 12. g3 Qc7 13. Nh4 Bh3 14. Re1 Bd6 15. Qf3 O-O-O 16. b4 Rg4 17. Kh1 Rdg8 18. Bf1 Rxh4 19. gxh4 Bg4 20. Qg2 Rg6 21. f3 Bf5 22. Qf2 h5 23. Be2 Nb6 24. Rg1 Nd5 25. Rxg6 fxg6 26. Rd1 Nf4 27. Bxf4 Bxf4 28. Bd3 Bxd3 29. Rxd3 Qd6 30. Qe2 Qd5 31. Rd1 Kd7 32. Rg1 Qf5 33. Qg2 g5 34. hxg5 fxg5 35. Qe2 Qh3 36. Rg2 Qf5 37. Qe4 Qb5 38. Rg1 Qa4 39. Re1 Qxa2 40. Re2 Qa1+ 41. Kg2 e5 42. Qf5+ Kd6 43. dxe5+ Kc7 44. e6 Qd1 45. Qe4 Qd8 46. e7 Qe8 47. Qf5 h4 48. Qf8 Kd7 49. Qxe8+ Kxe8 50. Kh3 a6 51. Kg4 b6 52. Kf5 Bd6 53. Ke6 Bc7 54. Rd2 a5 55. bxa5 bxa5 56. Rd7 Bb6 57. Rb7 Bc7 58. Rxc7 1-0


[Site "https://www.chess.com"]

[Event "Titled Tuesday Blitz October 31 Late 2023"]
[White "Shapiro, Daniel"]
[Black "Tifferet, Shaked"]
[WhiteFideId "2001780"]
[BlackFideId "2811529"]
[WhiteElo "2311"]
[BlackElo "2592"]
[Result "0-1"]
[Round "1"]
[TimeControl "180+1"]
[Date "2023.10.31"]
[WhiteClock "0:00:00"]
[BlackClock "0:00:09"]
[Board "126"]

1. d4 c6 2. c4 Nf6 3. Nf3 d5 4. Qb3 g6 5. Bg5 Bg7 6. e3 O-O 7. Nc3 a6 8. a4 a5 9. h3 Na6 10. Be2 Nb4 11. O-O Bf5 12. Rac1 Ne4 13. Bf4 dxc4 14. Bxc4 Nd6 15. Be2 Qd7 16. Rfd1 Rfd8 17. Ne5 Qe6 18. Qxe6 Bxe6 19. Nd3 Bb3 20. Rf1 Nc4 21. Nc5 Nd2 22. Nxb7 Nxf1 23. Nxd8 Nd2 24. Nb7 h6 25. e4 Nc4 26. Nc5 Bxd4 27. Nxb3 Nxb2 28. Nxd4 g5 29. Be3 e5 30. Nf5 Kh7 31. h4 f6 32. hxg5 fxg5 33. Bc5 N4d3 34. Bxd3 Nxd3 35. Ne2 Nxc1 36. Nxc1 Rb8 37. Nd6 Rb1 38. Be3 c5 39. Nc4 Rb4 40. Nxa5 Rxa4 41. Nab3 c4 42. Nd2 c3 43. Ndb3 Rxe4 44. Kf1 Rc4 45. Ke2 e4 46. Kd1 Kg6 47. Kc2 h5 48. Bd4 h4 49. Bxc3 g4 50. Nd2 Rc6 51. Ne2 h3 52. gxh3 gxh3 53. Nxe4 h2 54. N4g3 Kg5 55. f3 Kh4 56. Kd3 Kh3 57. Ke4 Kg2 58. Bd4 Rg6 59. Be5 Rg8 60. Bf4 Re8+ 61. Be5 Rg8 62. Bf4 Rc8 63. Be5 Rc2 64. Kd3 Ra2 65. Ke3 Ra3+ 66. Kd2 Ra5 0-1


[Site "https://www.chess.com"]

[Event "Titled Tuesday Blitz October 31 Late 2023"]
[White "Colas, Joshua"]
[Black "Ardila, Oscar Humberto"]
[WhiteFideId "2044447"]
[BlackFideId "4404742"]
[WhiteElo "2589"]
[BlackElo "2306"]
[Result "1-0"]
[Round "1"]
[TimeControl "180+1"]
[Date "2023.10.31"]
[WhiteClock "0:00:17"]
[BlackClock "0:00:27"]
[Board "127"]

1. Nf3 Nf6 2. c4 g6 3. b3 Bg7 4. Bb2 O-O 5. g3 d6 6. d4 Nbd7 7. Bg2 c6 8. O-O Qc7 9. Nc3 e5 10. e4 Re8 11. Qc2 Nf8 12. Rad1 Bg4 13. dxe5 dxe5 14. h3 Bxf3 15. Bxf3 Ne6 16. Ne2 Rad8 17. h4 c5 18. Rd5 Nd4 19. Nxd4 exd4 20. Rxd8 Rxd8 21. Bg2 Ng4 22. Rd1 h5 23. Bc1 Qa5 24. Bg5 Bf6 25. Bxf6 Nxf6 26. e5 Ng4 27. e6 Qc7 28. Bd5 Kg7 29. exf7 Qe5 30. Bxb7 Kxf7 31. Bf3 Nf6 32. Qd2 Kg7 33. Re1 Qd6 34. a3 Rf8 35. b4 Nd7 36. Be4 Qf6 37. bxc5 Nxc5 38. Bd5 d3 39. Re3 Rb8 40. Kg2 Rb2 41. Qe1 Qd4 42. Re7+ Kh6 43. Bg8 g5 44. Rh7+ Kg6 45. Qe8+ Kf6 46. Qe7+ Kg6 47. Qxg5# 1-0


[Site "https://www.chess.com"]

[Event "Titled Tuesday Blitz October 31 Late 2023"]
[White "Jesseinkman"]
[Black "Janturin, Artur"]
[BlackFideId "4130022"]
[WhiteElo "2304"]
[BlackElo "2587"]
[Result "1-0"]
[Round "1"]
[TimeControl "180+1"]
[Date "2023.10.31"]
[WhiteClock "0:00:10"]
[BlackClock "0:00:00"]
[Board "128"]

1. d4 e6 2. Bf4 d5 3. Nc3 Bd6 4. e3 Nf6 5. Nf3 O-O 6. Bd3 Bxf4 7. exf4 b6 8. h4 c5 9. h5 h6 10. Qd2 Nc6 11. O-O-O Bb7 12. g4 Nxg4 13. Rhg1 f5 14. Ne5 Nxd4 15. Nxg4 fxg4 16. Rxg4 Rf7 17. f5 exf5 18. Rg6 Kh7 19. Qf4 Qe7 20. Rdg1 Raf8 21. Qg3 Kh8 22. f4 Re8 23. Kb1 c4 24. Be2 b5 25. Bd1 b4 26. Na4 Bc6 27. b3 Bxa4 28. bxa4 b3 29. axb3 cxb3 30. cxb3 Qe4+ 31. Kb2 Ne2 32. Bxe2 Qxe2+ 33. Ka3 Re3 34. Rxh6+ Kg8 35. Qg5 Rxb3+ 36. Kxb3 Rb7+ 37. Kc3 Qc4+ 38. Kd2 1-0


[Site "https://www.chess.com"]

[Event "Titled Tuesday Blitz October 31 Late 2023"]
[White "Kochiev, Ivan"]
[Black "PapaieDudu"]
[WhiteFideId "2917890"]
[WhiteElo "2586"]
[BlackElo "2304"]
[Result "0-1"]
[Round "1"]
[TimeControl "180+1"]
[Date "2023.10.31"]
[WhiteClock "0:00:04"]
[BlackClock "0:00:53"]
[Board "129"]

1. e4 c5 2. Nc3 e6 3. g3 d5 4. exd5 exd5 5. d4 cxd4 6. Qxd4 Nc6 7. Qxd5 Bd7 8. Bg2 Nf6 9. Qd1 Be7 10. Nf3 O-O 11. O-O a6 12. Be3 Re8 13. Nd4 Ne5 14. Bxb7 Rb8 15. Bg2 Rxb2 16. Nb3 Qc8 17. Bd4 Nc6 18. Be3 Nb4 19. Ne4 Rxc2 20. a3 Nbd5 21. Nd4 Rc4 22. Qd3 Nxe3 23. fxe3 Rd8 24. Nxf6+ Bxf6 25. Bd5 Rc3 26. Qe4 Re8 27. Qf4 Rcxe3 28. Rad1 Bh3 29. Bg2 Bxg2 30. Kxg2 Qb7+ 31. Kh3 R8e4 32. Qd6 Rh4# 0-1


[Site "https://www.chess.com"]

[Event "Titled Tuesday Blitz October 31 Late 2023"]
[White "Fernandez Siles, Luis"]
[Black "StiffMaster1"]
[WhiteFideId "2209420"]
[WhiteElo "2301"]
[BlackElo "2582"]
[Result "0-1"]
[Round "1"]
[TimeControl "180+1"]
[Date "2023.10.31"]
[WhiteClock "0:00:00"]
[BlackClock "0:00:05"]
[Board "130"]

1. e4 e5 2. Nf3 Nc6 3. Nc3 Nf6 4. Bc4 Nxe4 5. O-O Nf6 6. Re1 Be7 7. Nxe5 Nxe5 8. Rxe5 O-O 9. d4 Bd6 10. Bg5 h6 11. Bh4 g5 12. Bg3 Bxe5 13. dxe5 Nh7 14. Qh5 Kg7 15. Bd3 d5 16. exd6 cxd6 17. Nd5 Nf6 18. Nxf6 Qxf6 19. h4 Bf5 20. Bxf5 Qxf5 21. Bxd6 Rfd8 22. Bb4 Qg6 23. Bc3+ Kh7 24. Qf3 Rd7 25. h5 Qc6 26. Qf5+ Kg8 27. Qe5 f6 28. Qf5 Rg7 29. Bxf6 Rf8 30. Re1 Qxf6 31. Qd5+ Qf7 32. Qd4 Qxh5 33. Re6 Qf7 34. Qd5 Kh8 35. Rxh6+ Kg8 36. Re6 g4 37. Kh2 g3+ 38. fxg3 Rh7+ 0-1


[Site "https://www.chess.com"]

[Event "Titled Tuesday Blitz October 31 Late 2023"]
[White "Bartel, Michal"]
[Black "Szente Varga, Fruzsina"]
[WhiteFideId "1119257"]
[BlackFideId "712264"]
[WhiteElo "2581"]
[BlackElo "2301"]
[Result "1-0"]
[Round "1"]
[TimeControl "180+1"]
[Date "2023.10.31"]
[WhiteClock "0:01:04"]
[BlackClock "0:00:09"]
[Board "131"]

1. e4 c5 2. Ne2 Nf6 3. Nbc3 d5 4. exd5 Nxd5 5. g3 Bg4 6. Bg2 Nxc3 7. bxc3 Nc6 8. h3 Bh5 9. Rb1 Qd7 10. O-O e5 11. Re1 Bd6 12. g4 Bg6 13. f4 h5 14. f5 Bh7 15. d4 cxd4 16. cxd4 O-O 17. dxe5 Nxe5 18. Rxb7 Bc5+ 19. Kh1 Qxd1 20. Rxd1 hxg4 21. Rd5 gxh3 22. Bxh3 Rfe8 23. Rxc5 Nf3 24. Bf1 Re4 25. Rbc7 Rae8 26. Rc8 Nh4 27. Rxe8+ Rxe8 28. Ng3 g6 29. fxg6 Bxg6 30. Bb2 Re1 31. Rc8+ Kh7 32. Rh8# 1-0


[Site "https://www.chess.com"]